 Dungeon Crawl Stone Soup version 0.19.1-1-g22dce08 (webtiles) character file.

932 fatfloppyjuicyveiny the Grappler (level 7, 0/66 HPs)
             Began as a Troll Monk on Jan 5, 2017.
             Slain by an orc priest
             ... wielding a +0 hand axe
              (3 damage)
             ... on level 5 of the Dungeon.
             The game lasted 00:02:42 (1705 turns).

fatfloppyjuicyveiny the Grappler (Troll Monk)       Turns: 1705, Time: 00:02:43

Health: 0/66       AC:  6    Str: 21 (22) XL:     7   Next: 86%
Magic:  6/6        EV: 10    Int: 11      God:
Gold:   143        SH:  0    Dex: 13 (14) Spells: 0 memorised, 6 levels left

rFire  . . .     SeeInvis +       - Unarmed
rCold  . . .     Gourm    +     a - +0 robe
rNeg   . . .     Faith    .     (no shield)
rPois  .         Spirit   .     (helmet restricted)
rElec  .         Reflect  .     k - +0 cloak
rCorr  .         Harm     .     (gloves unavailable)
MR     .....                    (boots unavailable)
Stlth  ++........               g - amulet of regeneration
                                (no ring)
                                (no ring)

@: brilliant, slowed, very slow
A: unfitting armour, claws 3, see invisible, agile 1, fast metabolism 3,
gourmand, regeneration 1, shaggy fur 1, tough skin 2
a: no special abilities


You were on level 5 of the Dungeon.
You were not hungry.

You visited 1 branch of the dungeon, and saw 5 of its levels.

You collected 143 gold pieces.

Inventory:

Hand Weapons
 l - the +4 Vampire's Tooth {vamp}
   (You found it on level 4 of the Dungeon)

   It inflicts no extra harm, but heals its wielder when it wounds a living foe.
Armour
 a - a +0 robe (worn)
 k - a +0 cloak (worn)
Jewellery
 e - an uncursed ring of fire
 g - an amulet of regeneration (around neck)
Wands
 d - a wand of slowing (22/48)
 f - a wand of digging (6/24)
Scrolls
 c - a scroll of enchant weapon {unknown}
 h - a scroll of teleportation {unknown}
 i - a scroll of enchant armour {unknown}
 j - a scroll of remove curse {unknown}
 r - a scroll of fear {unknown}
Potions
 o - a potion of curing
 p - a potion of mutation
 s - a potion of agility
Comestibles
 b - 7 bread rations
 m - 3 fruits
 q - a meat ration


   Skills:
 - Level 2.4 Fighting
 - Level 2.4 Dodging
 - Level 1.0 Stealth
 * Level 9.5 Unarmed Combat


You had 6 spell levels left.
You didn't know any spells.

Dungeon Overview and Level Annotations

Branches:
Dungeon (5/15)
 Temple: D:4-7

Altars:
Makhleb
The Shining One

Shops:
D:4 :


Innate Abilities, Weirdness & Mutations

You are too large for most types of armour.
You have claws for hands.
Your metabolism is lightning-fast.
You like to eat raw meat.
Your natural rate of healing is unusually fast.
You are covered in fur. (AC +1)
You have very tough skin. (AC +2)
You have supernaturally acute eyesight. (SInv)
You are agile. (Dex +2)


Message History

The orc priest hits you but does no damage.
The orc priest invokes the aid of Beogh against you.
Beogh smites you!
* * * LOW HITPOINT WARNING * * *
You barely miss the orc priest.
The orc priest calls down the wrath of Beogh upon you.
Pain shoots through your body!
* * * LOW HITPOINT WARNING * * *
The orc priest hits you but does no damage.
You feel better.
The orc priest hits you but does no damage.
The orc priest calls down the wrath of Beogh upon you.
Beogh smites you!
* * * LOW HITPOINT WARNING * * *
The orc priest hits you with a club.
* * * LOW HITPOINT WARNING * * *
You mangle the orc priest!!
You kill the orc priest!
The orc priest hits you with a hand axe.
You die...

#....###.#.#####
#....#.........#
#....#.#.#.###.#
#......#.#.#
#......#[..#
#......##..#
#....##..#
#..o.o)#.#
#.$..#@#.#
######.#>.
#.#### #.# #.#
#.# #.# #.# #.#


You could see an orc priest and an orc wizard.

Vanquished Creatures
  The ghost of loom the Ruffian, an amateur TrMo (D:4)
  Sigmund (D:3)
  An ice beast (D:4)
  2 vampire bats (D:4)
  2 howler monkeys (D:4)
  A crimson imp (D:4)
  A bullfrog skeleton (D:5)
  A hound (D:5)
  A centaur skeleton (D:4)
  An orc priest (D:5)
  Terence (D:2)
  An iguana (D:5)
  2 worker ants (D:5)
  An adder (D:3)
  An adder zombie (D:1)
  2 worms
  A dart slug (D:1)
  2 leopard geckos
  An orc (D:3)
  8 bats
  A bat zombie (D:1)
  2 giant cockroaches
  2 goblins (D:1)
  3 hobgoblins
  3 quokkas
  3 ball pythons (D:1)
  A ball python skeleton (D:5)
  A frilled lizard (D:1)
  2 kobolds
  3 rats
53 creatures vanquished.

Notes
Turn   | Place    | Note
-------+----------+-------------------------------------------
     0 | D:1      | fatfloppyjuicyveiny the Troll Monk began the quest for the Orb.
     0 | D:1      | Reached XP level 1. HP: 22/22 MP: 0/0
    68 | D:1      | Reached XP level 2. HP: 27/29 MP: 1/1
   132 | D:2      | Noticed Terence
   133 | D:2      | Reached skill level 4 in Unarmed Combat
   146 | D:2      | Killed Terence
   146 | D:2      | Reached XP level 3. HP: 36/36 MP: 2/2
   305 | D:3      | Noticed Sigmund
   323 | D:3      | Killed Sigmund
   323 | D:3      | Reached skill level 6 in Unarmed Combat
   323 | D:3      | Reached XP level 4. HP: 32/44 MP: 3/3
   323 | D:3      | Reached XP level 5. HP: 37/50 MP: 4/4
   584 | D:4      | Reached XP level 6. HP: 54/59 MP: 5/5
   585 | D:4      | Reached skill level 7 in Unarmed Combat
   666 | D:4      | Found a faded altar of an unknown god.
   666 | D:4      | Found a faded altar of an unknown god.
   671 | D:4      | Found a faded altar of an unknown god.
   673 | D:4      | Found a glowing golden altar of the Shining One.
   674 | D:4      | Found a faded altar of an unknown god.
   788 | D:4      | Noticed loom's ghost (amateur TrMo)
   803 | D:4      | Killed loom's ghost
   803 | D:4      | Reached skill level 8 in Unarmed Combat
   803 | D:4      | Reached XP level 7. HP: 13/66 MP: 6/6
   945 | D:4      | Found a burning altar of Makhleb.
   976 | D:4      | Reached skill level 9 in Unarmed Combat
   979 | D:4      | Found Loneng's Book Emporium.
  1180 | D:5      | Entered Level 5 of the Dungeon
  1699 | D:5      | Gained mutation: You are agile. (Dex +2) [potion of mutation]
  1699 | D:5      | Gained mutation: You have supernaturally acute eyesight. (SInv) [potion of mutation]
  1704 | D:5      | HP: 2/66 [orc priest/club (4)]
  1705 | D:5      | Slain by an orc priest

Skill      XL: |  1  2  3  4  5  6  7 |
---------------+----------------------+-----
Unarmed Combat | 4 6 8 9 |  9.5
Fighting       | |  2.4
Dodging        | |  2.4
Stealth        | |  1.0

Action                   |  1- 3 |  4- 6 |  7- 9 || total
-------------------------+-------+-------+-------++-------
Melee: Unarmed           |    47 |    60 |    42 ||   149
       Punch             |       |     5 |     1 ||     6
  Use: Potion            |       |     4 |     3 ||     7
 Stab: Sleeping          |       |     3 |       ||     3
  Eat: Chunk             |     8 |     2 |     6 ||    16
Armor: Robe              |    17 |    27 |     9 ||    53
Dodge: Dodged            |    20 |    35 |    22 ||    77
